PR
REDWOOD RHINOS @ LONG ISLAND DUCKS
07/27/2042
 
TOP OF THE 1ST
Redwood Rhinos batting - Pitching for Long Island Ducks : LHP Takayuki Shimizu
Pitching: LHP Takayuki Shimizu
Batting: RHB Roy MacDonald 0-0: Called Strike
0-1: Swinging Strike
0-2: Foul Ball, location: 2F
0-2: Hit by Pitch
Batting: RHB Derek Leyva 0-0: Called Strike
0-1: Foul Ball, location: 2F
0-2: Ball
1-2: Ball
2-2: Fly out, F2 (Popup, 23F, EV 89.4 MPH)
Batting: RHB Luis Ibáñez 0-0: Ball
1-0: Fly out, F9 (Flyball, 89M, EV 89.4 MPH)
Batting: LHB Lewis Burnell 0-0: Called Strike
0-1: Ball
Roy MacDonald is caught stealing 2nd base 2-6
Top of the 1st over - 0 runs, 0 hits, 0 errors, 0 left on base; Redwood 0 - Long Island 0
BOTTOM OF THE 1ST
Long Island Ducks batting - Pitching for Redwood Rhinos : RHP Noah Olinger
Pitching: RHP Noah Olinger
Batting: RHB George Samuels 0-0: Called Strike
0-1: Called Strike
0-2: Ball
1-2: Fly out, F8 (Flyball, 8RD, EV 96.9 MPH)
Batting: RHB Shu-yaan Seema 0-0: Swinging Strike
0-1: Ball
1-1: Ground out 1-3 (Groundball, 15, EV 75.0 MPH)
Batting: RHB Abdul Razzad Zaimukhes 0-0: Ball
1-0: Ball
2-0: Called Strike
2-1: Ground out 6-3 (Groundball, 4M, EV 93.1 MPH)
Bottom of the 1st over - 0 runs, 0 hits, 0 errors, 0 left on base; Redwood 0 - Long Island 0
TOP OF THE 2ND
Redwood Rhinos batting - Pitching for Long Island Ducks : LHP Takayuki Shimizu
Batting: LHB Lewis Burnell 0-0: Ball
1-0: Ball
2-0: Called Strike
2-1: Swinging Strike
2-2: Foul Ball, location: 2F
2-2: Ball
3-2: Strikes out swinging
Batting: RHB Arturo Beltrán 0-0: Ball
1-0: Foul Ball, location: 2F
1-1: Ball
2-1: Called Strike
2-2: Foul Ball, location: 2F
2-2: DOUBLE (Flyball, 89XD, EV 96.9 MPH)
Batting: RHB Scott Fletcher 0-0: Called Strike
0-1: Ball
1-1: Ball
2-1: Swinging Strike
2-2: Fly out, F7 (Flyball, 78XD, EV 100.6 MPH)
Batting: SHB Ralph Ludwig 0-0: Ground out 6-3 (Groundball, 6, EV 86.9 MPH)
Top of the 2nd over - 0 runs, 1 hit, 0 errors, 1 left on base; Redwood 0 - Long Island 0
BOTTOM OF THE 2ND
Long Island Ducks batting - Pitching for Redwood Rhinos : RHP Noah Olinger
Batting: LHB Michizane Yamashita 0-0: Ball
1-0: DOUBLE (Groundball, 3L, EV 103.8 MPH)
Batting: RHB Alfredo Torres 0-0: Called Strike
0-1: Called Strike
0-2: Foul Ball, location: 2F
0-2: Ground out 4-3 (Groundball, 4, EV 88.1 MPH)
Michizane Yamashita to third
Batting: RHB Al Ruíz 0-0: Ball
1-0: Called Strike
1-1: Foul Ball, location: 2F
1-2: Ground out 1-3 (Groundball, 34S, EV 73.8 MPH)
Batting: LHB Danny Stone 0-0: Ball
1-0: Foul Ball, location: 2F
1-1: Swinging Strike
1-2: Ball
2-2: Ball
3-2: Ground out 1-3 (Groundball, 15, EV 81.9 MPH)
Bottom of the 2nd over - 0 runs, 1 hit, 0 errors, 1 left on base; Redwood 0 - Long Island 0
TOP OF THE 3RD
Redwood Rhinos batting - Pitching for Long Island Ducks : LHP Takayuki Shimizu
Batting: RHB Jimmy Cooper 0-0: Bunted foul
0-1: Ball
1-1: Ground out 5-3 (Groundball, 5L, EV 102.5 MPH)
Batting: LHB Stan Daniels 0-0: Fly out, F8 (Flyball, 8LS, EV 71.9 MPH)
Batting: RHB Roy MacDonald 0-0: Ball
1-0: Foul Ball, location: 2F
1-1: Ball
2-1: Ball
3-1: Base on Balls
Batting: RHB Derek Leyva 0-0: Foul Ball, location: 2F
0-1: Ball
1-1: Ball
2-1: Ball
Roy MacDonald steals 2nd base
3-1: SINGLE (Groundball, 34D, EV 98.1 MPH)
Roy MacDonald to third
Runner from 3rd tries for Home, SAFE, no throw by RF
Batting: RHB Luis Ibáñez 0-0: Ball
1-0: Ball
2-0: Ball
3-0: Base on Balls
Derek Leyva to second
Pitching: RHP Eric Corbin
Batting: LHB Lewis Burnell 0-0: Ball
1-0: Ball
2-0: Foul Ball, location: 2F
2-1: Swinging Strike
2-2: Ball
3-2: Base on Balls
Derek Leyva to third
Luis Ibáñez to second
Batting: RHB Arturo Beltrán 0-0: Ball
1-0: Ball
2-0: Ball
3-0: Called Strike
3-1: Foul Ball, location: 2F
3-2: Strikes out looking
Top of the 3rd over - 1 run, 1 hit, 0 errors, 3 left on base; Redwood 1 - Long Island 0
BOTTOM OF THE 3RD
Long Island Ducks batting - Pitching for Redwood Rhinos : RHP Noah Olinger
Batting: RHB Edgardo Becerra 0-0: Ball
1-0: Swinging Strike
1-1: Foul Ball, location: 2F
1-2: Strikes out swinging
Batting: RHB Tom Kelley 0-0: Foul Ball, location: 2F
0-1: Hit by Pitch
Batting: RHB George Samuels 0-0: Foul Ball, location: 2F
0-1: Fly out, F9 (Line Drive, 9, EV 88.1 MPH)
Batting: RHB Shu-yaan Seema 0-0: Ball
1-0: Foul Ball, location: 2F
1-1: Ground out 6-3 (Groundball, 6MS, EV 90.0 MPH)
Bottom of the 3rd over - 0 runs, 0 hits, 0 errors, 1 left on base; Redwood 1 - Long Island 0
TOP OF THE 4TH
Redwood Rhinos batting - Pitching for Long Island Ducks : RHP Eric Corbin
Batting: RHB Scott Fletcher 0-0: Ball
1-0: Ground out 4-3 (Groundball, 4, EV 89.4 MPH)
Batting: SHB Ralph Ludwig 0-0: Called Strike
0-1: Called Strike
0-2: Foul Ball, location: 2F
0-2: Ball
1-2: Ground out 5-3 (Groundball, 5, EV 103.8 MPH)
Batting: RHB Jimmy Cooper 0-0: Ball
1-0: Ground out 1-3 (Groundball, 15S, EV 66.2 MPH)
Top of the 4th over - 0 runs, 0 hits, 0 errors, 0 left on base; Redwood 1 - Long Island 0
BOTTOM OF THE 4TH
Long Island Ducks batting - Pitching for Redwood Rhinos : RHP Noah Olinger
Batting: RHB Abdul Razzad Zaimukhes 0-0: Foul Ball, location: 2F
0-1: Swinging Strike
0-2: Foul Ball, location: 2F
0-2: Fly out, F8 (Flyball, 8RS, EV 84.4 MPH)
Batting: LHB Michizane Yamashita 0-0: Foul Ball, location: 2F
0-1: Swinging Strike
0-2: Ground out 6-3 (Groundball, 56, EV 100.0 MPH)
Batting: RHB Alfredo Torres 0-0: Foul Ball, location: 2F
0-1: Ball
1-1: Foul Ball, location: 2F
1-2: Ground out 6-3 (Groundball, 6D, EV 97.5 MPH)
Bottom of the 4th over - 0 runs, 0 hits, 0 errors, 0 left on base; Redwood 1 - Long Island 0
TOP OF THE 5TH
Redwood Rhinos batting - Pitching for Long Island Ducks : RHP Eric Corbin
Batting: LHB Stan Daniels 0-0: Called Strike
0-1: Ball
1-1: Swinging Strike
1-2: Foul Ball, location: 2F
1-2: Ground out 4-3 (Groundball, 4MS, EV 83.1 MPH)
Batting: RHB Roy MacDonald 0-0: Bunt missed!
0-1: Called Strike
0-2: Strikes out swinging
Batting: RHB Derek Leyva 0-0: Called Strike
0-1: Swinging Strike
0-2: Ball
1-2: Foul Ball, location: 2F
1-2: Foul Ball, location: 2F
1-2: Ball
2-2: Foul Ball, location: 2F
2-2: Foul Ball, location: 2F
2-2: Ball
3-2: Ground out 3-1 (Groundball, 34, EV 80.6 MPH)
Top of the 5th over - 0 runs, 0 hits, 0 errors, 0 left on base; Redwood 1 - Long Island 0
BOTTOM OF THE 5TH
Long Island Ducks batting - Pitching for Redwood Rhinos : RHP Noah Olinger
Batting: RHB Al Ruíz 0-0: Fly out, F8 (Flyball, 8RM, EV 93.8 MPH)
Batting: LHB Danny Stone 0-0: Ball
1-0: Called Strike
1-1: SINGLE (Flyball, 6D, EV 82.5 MPH)
Batting: RHB Edgardo Becerra 0-0: Ball
1-0: Ball
2-0: Foul Ball, location: 2F
2-1: Foul Ball, location: 2F
2-2: Foul Ball, location: 2F
2-2: Foul Ball, location: 2F
2-2: Ball
3-2: Foul Ball, location: 2F
3-2: Foul Ball, location: 2F
3-2: Base on Balls
Danny Stone to second
Batting: RHB Tom Kelley 0-0: Grounds into double play, 5-4-3 (Groundball, 56, EV 98.8 MPH)
Bottom of the 5th over - 0 runs, 1 hit, 0 errors, 1 left on base; Redwood 1 - Long Island 0
TOP OF THE 6TH
Redwood Rhinos batting - Pitching for Long Island Ducks : RHP Eric Corbin
Batting: RHB Luis Ibáñez 0-0: Called Strike
0-1: Called Strike
0-2: Ball
1-2: Ball
2-2: Strikes out swinging
Batting: LHB Lewis Burnell 0-0: Ball
1-0: Called Strike
1-1: Ball
2-1: Foul Ball, location: 2F
2-2: Ground out U3 (Groundball, 3S, EV 77.5 MPH)
Batting: RHB Arturo Beltrán 0-0: Called Strike
0-1: Ground out U3 (Groundball, 34, EV 84.4 MPH)
Top of the 6th over - 0 runs, 0 hits, 0 errors, 0 left on base; Redwood 1 - Long Island 0
BOTTOM OF THE 6TH
Long Island Ducks batting - Pitching for Redwood Rhinos : RHP Noah Olinger
Batting: RHB George Samuels 0-0: Called Strike
0-1: Ground out 2-3 (Groundball, 2R, EV 61.9 MPH)
Batting: RHB Shu-yaan Seema 0-0: Called Strike
0-1: Foul Ball, location: 2F
0-2: Ball
1-2: Ball
2-2: SINGLE (Groundball, 34D, EV 100.0 MPH)
Batting: RHB Abdul Razzad Zaimukhes 0-0: Foul Ball, location: 2F
0-1: Swinging Strike
0-2: Fly out, F5 (Popup, 56, EV 73.8 MPH)
Batting: LHB Michizane Yamashita 0-0: Foul Ball, location: 2F
0-1: Ball
1-1: Ball
2-1: Fly out, F9 (Flyball, 9LS, EV 84.4 MPH)
Bottom of the 6th over - 0 runs, 1 hit, 0 errors, 1 left on base; Redwood 1 - Long Island 0
TOP OF THE 7TH
Redwood Rhinos batting - Pitching for Long Island Ducks : RHP Eric Corbin
Batting: RHB Scott Fletcher 0-0: Ball
1-0: Foul Ball, location: 2F
1-1: Called Strike
1-2: Strikes out swinging
Batting: SHB Ralph Ludwig 0-0: Ball
1-0: Ball
2-0: Ball
3-0: Called Strike
3-1: Base on Balls
Pitching: RHP Jimmy McDonald
Batting: RHB Jimmy Cooper 0-0: Called Strike
0-1: Ball
1-1: Foul Ball, location: 2F
1-2: Strikes out swinging
Batting: LHB Stan Daniels Pickoff Throw to First - Error! E1
Ralph Ludwig to second
0-0: Called Strike
0-1: Ball
1-1: Ball
2-1: Ground out 6-3 (Groundball, 6, EV 111.9 MPH)
Top of the 7th over - 0 runs, 0 hits, 1 error, 1 left on base; Redwood 1 - Long Island 0
BOTTOM OF THE 7TH
Long Island Ducks batting - Pitching for Redwood Rhinos : RHP Noah Olinger
Batting: RHB Alfredo Torres 0-0: Foul Ball, location: 2F
0-1: Ball
1-1: Swinging Strike
1-2: Foul Ball, location: 2F
1-2: Ball
2-2: Strikes out looking
Batting: RHB Al Ruíz 0-0: Ball
1-0: Swinging Strike
1-1: Ball
2-1: Ball
3-1: Foul Ball, location: 2F
3-2: Strikes out swinging
Batting: LHB Danny Stone 0-0: Called Strike
0-1: Foul Ball, location: 2F
0-2: Strikes out swinging
Bottom of the 7th over - 0 runs, 0 hits, 0 errors, 0 left on base; Redwood 1 - Long Island 0
TOP OF THE 8TH
Redwood Rhinos batting - Pitching for Long Island Ducks : RHP Jimmy McDonald
Batting: RHB Roy MacDonald 0-0: Called Strike
0-1: Ball
1-1: Foul Ball, location: 2F
1-2: Strikes out swinging
Batting: RHB Derek Leyva 0-0: Ball
1-0: Called Strike
1-1: Ball
2-1: Foul Ball, location: 2F
2-2: Strikes out looking
Batting: RHB Luis Ibáñez 0-0: Ball
1-0: Ball
2-0: Called Strike
2-1: Swinging Strike
2-2: Ball
3-2: Strikes out swinging
Top of the 8th over - 0 runs, 0 hits, 0 errors, 0 left on base; Redwood 1 - Long Island 0
BOTTOM OF THE 8TH
Long Island Ducks batting - Pitching for Redwood Rhinos : RHP Noah Olinger
Batting: RHB Edgardo Becerra 0-0: Ball
1-0: Called Strike
1-1: Ball
2-1: Hit by Pitch
Batting: RHB Tom Kelley 0-0: Bunted foul
0-1: Bunted foul
0-2: Ball
1-2: Ball
2-2: Ball
3-2: Base on Balls
Edgardo Becerra to second
Batting: RHB George Samuels 0-0: Bunted foul
0-1: Bunt missed!
0-2: Foul Ball, location: 2F
0-2: TRIPLE (Flyball, 9LD, EV 94.4 MPH)
Edgardo Becerra scores
Tom Kelley scores
Pitching: LHP Gael Rabbetts
Batting: RHB Shu-yaan Seema 0-0: Called Strike
0-1: Ball
1-1: Foul Ball, location: 2F
1-2: Ball
2-2: Ball
3-2: Ground out 4-3 (Groundball, 34, EV 101.9 MPH)
Batting: RHB Abdul Razzad Zaimukhes 0-0: Intentional Walk
Batting: LHB Michizane Yamashita 0-0: Ball
1-0: Foul Ball, location: 2F
1-1: Called Strike
1-2: Ball
2-2: Foul Ball, location: 2F
2-2: Strikes out swinging
Batting: RHB Alfredo Torres 0-0: Ball
1-0: Ball
2-0: Foul Ball, location: 2F
2-1: Swinging Strike
2-2: Strikes out swinging
Bottom of the 8th over - 2 runs, 1 hit, 0 errors, 2 left on base; Redwood 1 - Long Island 2
TOP OF THE 9TH
Redwood Rhinos batting - Pitching for Long Island Ducks : RHP Jimmy McDonald
Pitching: LHP Everton Stirzacre
Batting: LHB Lewis Burnell 0-0: Ball
1-0: Ball
2-0: Called Strike
2-1: Foul Ball, location: 2F
2-2: Foul Ball, location: 2F
2-2: Foul Ball, location: 2F
2-2: Foul Ball, location: 2F
2-2: Ball
3-2: Ground out U3 (Groundball, 3, EV 103.1 MPH)
Batting: RHB Arturo Beltrán 0-0: Foul Ball, location: 2F
0-1: Swinging Strike
0-2: Foul Ball, location: 2F
0-2: Ball
1-2: Ball
2-2: Strikes out swinging
Batting: RHB Scott Fletcher 0-0: Ball
1-0: Ball
2-0: Foul Ball, location: 2F
2-1: Foul Ball, location: 2F
2-2: Strikes out looking
Top of the 9th over - 0 runs, 0 hits, 0 errors, 0 left on base; Redwood 1 - Long Island 2
Friday, March 26th, 2021 - OOTP Baseball 20.8 Build 74